Map: Ley Lines

Players

wootwoot - Winner!

  • Race: Zerg Zerg
  • League: Diamond
  • Spawn Location: 7:00

WlllllllllOK

  • Race: Zerg Zerg
  • League: Grandmaster
  • Spawn Location: 1:00

VOD

Have the link to the VOD?

Description

Time

  • Played on: April 23, 2025, 4:37 a.m.
  • Length: 4:27
Show
View Real Time Build Order
Export as new Build Order

wootwoot Zerg - Winner!

Build Orders: Hatch First 

Get SALT Encoding   

  12  0:00  Drone  
  13  0:12  Drone  
  14  0:14  Extractor  
  14  0:15  Drone  
  15  0:36  Hatchery  
  15  0:40  Extractor  
  15  0:41  Drone  
  14  0:57  Spawning Pool  
  14  1:01  Drone  
  14  1:09  Overlord  
  14  1:43  Zergling x6, Metabolic Boost  
  17  1:48  Queen  
  17  1:52  Zergling x2  
  20  1:56  Zergling x2  
  20  2:00  Zergling x2  
  22  2:06  Overlord  
  22  2:11  Zergling x2  
  23  2:21  Zergling x4  
  25  2:27  Zergling x2  
  26  2:31  Zergling x2  
  27  2:38  Zergling x2  
  28  2:49  Zergling x4  
  29  2:53  Zergling x2  
  29  2:56  Zergling x2  
  29  2:57  Zergling x4  
  33  3:08  Drone x2  
  34  3:13  Drone  
  34  3:24  Drone x2  
  34  3:28  Drone  
  34  3:31  Queen  
  35  3:40  Drone x2  
  36  3:44  Overlord  
  36  3:48  Drone  
  35  4:02  Roach Warren  
  34  4:05  Drone x2  
  34  4:06  Evolution Chamber  
  34  4:07  Drone  
  36  4:12  Drone  
Show
View Real Time Build Order
Export as new Build Order

WlllllllllOK Zerg 

Build Orders: Hatch First 

Get SALT Encoding   

  12  0:00  Drone  
  13  0:13  Drone  
  14  0:16  Drone, Extractor  
  15  0:22  Overlord  
  15  0:42  Drone  
  16  0:47  Hatchery  
  15  0:52  Drone  
  15  0:54  Drone  
  17  0:58  Drone  
  18  1:09  Extractor  
  17  1:12  Spawning Pool  
  17  1:15  Drone  
  17  1:19  Drone  
  18  1:29  Drone  
  19  1:45  Drone  
  20  1:50  Drone  
  23  2:01  Queen x2, Zergling x4  
  27  2:11  Overlord  
  27  2:12  Drone  
  28  2:31  Drone x2  
  28  2:32  Drone  
  28  2:33  Evolution Chamber  
  30  2:42  Drone x2  
  32  2:44  Lair  
  31  2:54  Evolution Chamber  
  31  2:55  Roach Warren  
  29  2:59  Spine Crawler  
  29  3:00  Drone x2  
  30  3:07  Spine Crawler  
  29  3:18  Spine Crawler  
  28  3:22  Zergling x4  
  28  3:23  Zergling x6  
  33  3:33  Evolution Chamber  
  31  3:35  Roach  
  30  3:48  Roach x3  
  35  3:53  Evolution Chamber  
  30  3:56  Zergling x2  
Tags
 
Add a new tag
Caveats
  • Supply blocks, unpowered buildings, or Contaminate may cause inaccurate times.
  • Supply counts are checked every 10 seconds.